AoeStats
← eze402

Arabia

510211276Analyzed
1v1 RM · 1d ago on Sep 30, 2026· 71m 50s· 2 players
Game mode
Random Map
Map size
Tiny (2 player)
Population
200
Speed
Normal
Resources
Standard
Victory
Conquest
Starting age
Dark Age
Ending age
Imperial Age
RankedLock teamsTeams togetherTeam positionsShared explorationLock speedFull tech treeHidden civsTurbo modeCheats
Victory
Defeat
🇺🇸 Italians · United States
1058
+15
🇦🇷 Bulgarians · Argentina
1047
-15
eze402
6:46 Loom
10:04 Feudal Age
10:33 Double-Bit Axe
14:03 Horse Collar
15:08 Fletching
16:38 Scale Mail Armor
17:58 Wheelbarrow
17:44 Arson
23:42 Castle Age
21:30 Town Watch
22:11 Stone Mining
24:32 Forging
25:38 Chain Mail Armor
26:00 Iron Casting
25:32 Bodkin Arrow
25:03 Pikeman
25:44 Squires
28:33 Gambesons
30:02 Padded Archer Armor
31:45 Elite Skirmisher
34:08 Leather Archer Armor
38:56 Hand Cart
49:07 Imperial Age
49:41 Bow Saw
49:15 Halberdier
51:42 Conscription
63:03 Plate Mail Armor
63:34 Blast Furnace
62:34 Bracer
64:20 Ballistics
64:11 Masonry
65:11 Chemistry
68:21 Heavy Scorpion
trey.handy2303
10:55 Feudal Age
12:19 Double-Bit Axe
12:33 Loom
19:44 Castle Age
18:22 Wheelbarrow
18:57 Scale Barding Armor
19:04 Forging
19:33 Bloodlines
19:20 Gold Mining
23:14 Wheelbarrow
23:49 Horse Collar
32:30 Fletching
33:01 Chain Barding Armor
32:42 Scale Mail Armor
32:53 Crossbowman
35:26 Padded Archer Armor
38:36 Thumb Ring
41:36 Husbandry
43:02 Bow Saw
44:05 Bodkin Arrow
46:56 Imperial Age
44:23 Elite Skirmisher
45:54 Ballistics
48:02 Heavy Plow
50:53 Cavalier
53:27 Chain Mail Armor
53:20 Light Cavalry
54:55 Leather Archer Armor
55:21 Iron Casting
57:02 Hand Cart
59:09 Plate Barding Armor
59:11 Bracer
63:44 Plate Mail Armor
64:14 Blast Furnace
63:55 Ring Archer Armor
65:20 Conscription
65:21 Silk Road
65:37 Hussar
72:46 Two-Man Saw
Connection lost

Rejoining the realm…

Still unreachable

The connection could not be restored.

Session expired

The server has moved on; the page needs a fresh start.